 Dungeon Crawl Stone Soup version 0.25-a0-435-g4b9beb1024 (webtiles) character file.

Game seed: 5364749974287733304, levelgen mode: deterministic

247 Rasan the Grave Robber (level 5, -2/28 HPs)
             Began as a Deep Elf Necromancer on Jan 27, 2020.
             Was a Follower of Yredelemnul.
             Killed from afar by Natasha (6 damage)
             ... with a magic dart
             ... on level 4 of the Dungeon.
             The game lasted 01:00:45 (4570 turns).

Rasan the Grave Robber (Deep Elf Necromancer)       Turns: 4570, Time: 01:00:46

Health: -2/28      AC:  6    Str:  5    XL:     5   Next: 85%
Magic:  23/23      EV: 12    Int: 21    God:    Yredelemnul [*.....]
Gold:   150        SH:  0    Dex: 15    Spells: 11/13 levels left

rFire    . . .     SeeInvis .   B - +2 dagger (venom)
rCold    . . .     Gourm    .   (no shield)
rNeg     . . .     Faith    .   f - +0 leather armour
rPois    .         Spirit   .   I - +2 helmet
rElec    .         Reflect  .   (no cloak)
rCorr    .         Harm     +   (no gloves)
MR       +....                  (no boots)
Stlth    ++........             r - amulet of harm
HPRegen  0.09/turn              j - ring of magical power
MPRegen  0.18/turn              m - ring of protection from magic

@: no status effects
A: no striking features
a: Animate Remains, Renounce Religion


You were on level 4 of the Dungeon.
You worshipped Yredelemnul.
Yredelemnul was aware of your devotion.
You were not hungry.

You visited 1 branch of the dungeon, and saw 4 of its levels.

You collected 150 gold pieces.

Inventory:

Hand Weapons
 e - a +0 dagger
 i - a +0 short sword
 t - a +2 dagger of pain
 A - a +0 trident
 B - a +2 dagger of venom (weapon)
 F - a +0 short sword of flaming
 G - a +1 mace of protection
Missiles
 q - 68 arrows
 x - 8 poisoned darts (quivered)
 y - 33 bolts
Armour
 a - a +0 robe
 f - a +0 leather armour (worn)
 h - a +0 centaur barding
 k - a cursed +0 leather armour
 n - a +0 chain mail
 E - a +0 robe
 H - a +1 animal skin
 I - a +2 helmet (worn)
Jewellery
 j - a ring of magical power (left hand)
 m - a ring of protection from magic (right hand)
 r - an amulet of harm (around neck)
Wands
 w - a wand of flame (24)
 C - a wand of polymorph (5)
Scrolls
 d - a scroll of enchant armour {unknown}
 g - 2 scrolls of remove curse {unknown}
 l - a scroll of fog {unknown}
 p - 3 scrolls of identify {unknown}
 u - a scroll of noise {unknown}
 D - a scroll of blinking {unknown}
Potions
 b - 2 potions of degeneration {unknown}
 o - a potion of haste {unknown}
 s - a potion of mutation {unknown}
 v - 2 potions of lignification {unknown}
 z - a potion of brilliance {unknown}
 K - 2 potions of heal wounds {unknown}
Comestibles
 c - 4 rations
 J - a chunk of flesh


   Skills:
 + Level 1.8 Short Blades
 + Level 1.0 Armour
 + Level 3.0 Dodging
 + Level 3.9 Stealth
 + Level 4.6 Spellcasting
 + Level 6.3 Necromancy


You had 11 spell levels left.
You knew the following spells:

 Your Spells              Type           Power        Failure   Level  Hunger
a - Pain                  Necr           ####         1%          1    None
b - Animate Skeleton      Necr           N/A          1%          1    None

Your spell library contained the following spells:

 Spells                   Type           Power        Failure   Level  Hunger
 Vampiric Draining        Necr           ####......   4%          3    ##.....
 Animate Dead             Necr           N/A          13%         4    ####...
 Agony                    Necr           ####....     36%         5    ######.


Dungeon Overview and Level Annotations

Branches:
Dungeon (4/15)
 Temple: D:4-7

Altars:
Fedhas
Yredelemnul

Shops:
D:4 %

Annotations:
D:4 Natasha


Message History

a +0 club; 22 stones You see here a hobgoblin skeleton.
You can't go up here!
Unknown command.
Unknown command.
Casting: Pain (safe; 1% risk of failure)
Confirm with . or Enter, or press ? or * to list all spells.
You attempt to give life to the dead...
The dead are walking!
Your magical contamination has completely faded away.
Your hobgoblin skeleton hits Natasha.
Natasha claws you.
* * * LOW HITPOINT WARNING * * *
Natasha stares at you and mumbles some strange words.
The magic dart hits you.
* * * LOW HITPOINT WARNING * * *
Your hobgoblin skeleton misses Natasha.
Natasha casts a spell at you. The magic dart hits you.
You die...
Your body rises from the dead as a mindless zombie.

......###.##############.#######.
......+..........................
......###..........#####.#######.
......# #..........# #.### #.
......# #..........# #.#.. .
......# #..........# #.#.# ##.
###'### #..........# #.#.#..# #.#
#.##############.#.#..#
#.#####'#Z.h..@.............#
#.#.......############.#.##.#
###.#.......# .. #.#.#
......)...).# .#.#.#.#
......###'#.########.#.#.#.#
....[.'...#............#.#.#
......##############'###.#.#
...............#......##.#.#
###.##########'#......# #.#


You could see Natasha and a friendly hobgoblin skeleton.

Vanquished Creatures
  A howler monkey (D:4)
  A hound (D:4)
  Jessica (D:3)
  Terence (D:3)
  Robin (D:4)
  4 adders
  2 worms
  A dart slug (D:1)
  A leopard gecko (D:2)
  3 orcs
  3 ball pythons
  A giant cockroach (D:4)
  14 goblins
  11 hobgoblins
  A quokka (D:3)
  8 bats
  5 frilled lizards
  6 kobolds
  21 rats
86 creatures vanquished.

Vanquished Creatures (collateral kills)
  A leopard gecko (D:1)
  A kobold (D:1)
2 creatures vanquished.

Vanquished Creatures (others)
  A hobgoblin skeleton (D:4)
1 creature vanquished.

Grand Total: 89 creatures vanquished

Notes
Turn   | Place    | Note
-------+----------+-------------------------------------------
     0 | D:1      | Rasan the Deep Elf Necromancer began the quest for the Orb.
     0 | D:1      | Reached XP level 1. HP: 10/10 MP: 6/6
     2 | D:1      | Learned a level 1 spell: Animate Skeleton
    94 | D:1      | You fall into a shaft and drop 1 floor!
   143 | D:2      | Reached skill level 5 in Necromancy
   595 | D:2      | Reached XP level 2. HP: 14/15 MP: 6/8
  1713 | D:2      | Reached XP level 3. HP: 15/19 MP: 9/9
  2389 | D:3      | Noticed Terence
  2400 | D:3      | Killed Terence
  2400 | D:3      | Reached XP level 4. HP: 22/24 MP: 11/11
  2468 | D:3      | Noticed Jessica
  2480 | D:3      | Killed Jessica
  2480 | D:3      | Reached skill level 6 in Necromancy
  2689 | D:3      | Found a basalt altar of Yredelemnul.
  2695 | D:3      | Became a worshipper of Yredelemnul the Dark
  3494 | D:3      | Found a blossoming altar of Fedhas.
  3721 | D:4      | Found Detsihe's Food Shoppe.
  3731 | D:4      | Reached XP level 5. HP: 21/28 MP: 13/13
  3849 | D:4      | Noticed Robin
  4183 | D:4      | Reached * piety under Yredelemnul
  4188 | D:4      | Killed Robin
  4188 | D:4      | Reached skill level 1 in Armour
  4466 | D:4      | Your ally Robin died
  4470 | D:4      | Reached skill level 1 in Short Blades
  4540 | D:4      | Noticed Natasha
  4570 | D:4      | Killed from afar by Natasha

Levels and vault maps discovered:
D:1:      wander_arrival_lonely_grave, layout_rooms, corexii_hall_statues_i,
          kennysheep_small_spiral
D:2:      layout_loops_ring, supply_closet_lemuel, grunt_decor_arrowhead
D:3:      layout_basic, fedhas_altar_4, lemuel_round_altar, first_ration,
          kennysheep_pointless_box, minmay_rat_hole, uniq_jessica, uniq_terence
D:4:      layout_basic, serial_shops, shop, grunt_decor_one_mirror,
          uniq_eustachio, uniq_grinder, uniq_robin, uniq_natasha

Skill      XL: |  1  2  3  4  5 |
---------------+----------------+-----
Necromancy     | 5 6 |  6.3
Stealth        | 3 |  3.9
Dodging        | 3 |  3.0
Spellcasting   | 4 |  4.6
Armour         | 1 |  1.0
Short Blades   | 1 |  1.8

Action                   |  1- 3 |  4- 6 || total
-------------------------+-------+-------++-------
Melee: Dagger            |    50 |    53 ||   103
       Short sword       |     4 |       ||     4
Throw: Dart              |     1 |     1 ||     2
 Cast: Pain              |    28 |    52 ||    80
       Animate Skeleton  |    12 |     7 ||    19
Invok: Animate Remains   |       |     1 ||     1
 Stab: Sleeping          |     6 |     4 ||    10
       Distracted        |     2 |       ||     2
  Eat: Chunk             |     4 |     4 ||     8
       Ration            |       |     1 ||     1
Armor: Leather armour    |    14 |    11 ||    25
Dodge: Dodged            |    35 |    27 ||    62

Table legend:
 A = Non-vault XP
 B = Vault XP
 C = Vault XP percentage of total XP
 D = Non-vault monster count
 E = Vault monster count
 F = Vault count percentage of total count
                 A         B        C        D         E       F
            +---------+---------+-------+---------+---------+-------
      Total |     229 |     124 |  35.1 |      55 |      33 |  37.5
            +---------+---------+-------+---------+---------+-------
        D:1 |      19 |       0 |   0.0 |      12 |       0 |   0.0
        D:2 |      42 |       0 |   0.0 |      17 |       0 |   0.0
        D:3 |      36 |      89 |  71.2 |      17 |      21 |  55.3
        D:4 |     132 |      35 |  21.0 |       9 |      12 |  57.1
            +---------+---------+-------+---------+---------+-------
